 Dungeon Crawl Stone Soup version 0.29.1-1-gd02db6906a (webtiles) character file.

Game seed: 6057666845508622120

16 christhawk the Conjurer (level 2, -1/20 HPs)
             Began as a Draconian Conjurer on Sept 24, 2022.
             Slain by a goblin
             ... wielding a +0 club
              (4 damage)
             ... on level 1 of the Dungeon.
             The game lasted 00:01:30 (321 turns).

christhawk the Conjurer (Draconian Conjurer)         Turns: 321, Time: 00:01:31

Health: -1/20      AC:  4    Str:  9    XL:     2   Next: 41%
Magic:  1/5        EV: 12    Int: 18    God:
Gold:   11         SH:  0    Dex:  9    Spells: 4/5 levels left

rFire   . . .      SeeInvis .   (no weapon)
rCold   . . .      Faith    .   (no shield)
rNeg    . . .      Spirit   .   (body armour unavailable)
rPois   .          Reflect  .   (helmet restricted)
rElec   .          Harm     .   (no cloak)
rCorr   .          Rampage  .   (no gloves)
Will    .....                   (no boots)
Stlth   ++........              (no amulet)
HPRegen 0.06/turn               (no ring)
MPRegen 0.09/turn               (no ring)

@: no status effects
A: AC +4, unfitting armour, cold-blooded
a: no special abilities


You were on level 1 of the Dungeon.
You visited 1 branch of the dungeon, and saw 1 of its levels.

You collected 11 gold pieces.

You aren't carrying anything.


   Skills:
 + Level 1.9 Dodging
 + Level 1.8 Stealth
 + Level 2.0 Spellcasting
 + Level 4.5 Conjurations


You had 4 spell levels left.
You knew the following spells:

 Your Spells              Type           Power      Damage    Failure   Level
a - Magic Dart            Conj           72%        1d6       2%          1

Your spell library contained the following spells:

 Spells                   Type           Power      Damage    Failure   Level
 Searing Ray              Conj           36%        2d5       4%          2
 Dazzling Flash           Conj/Hex       20%        N/A       22%         3
 Fulminant Prism          Conj/Hex       5%         3d7       56%         4
 Iskenderun's Mystic Bla  Conj/Tloc      10%        2d4       56%         4


Dungeon Overview and Level Annotations

Branches:
Dungeon (1/15)

Altars:


Innate Abilities, Weirdness & Mutations

Your plain brown scales are hard. (AC +4)
You cannot fit into any form of body armour.
You are cold-blooded and may be slowed by cold attacks.


Message History

The ball python barely misses you. The ball python closely misses you.
The ball python attacks as you move away!
The ball python barely misses you. The ball python misses you.
You feel yourself speed up. The ball python barely misses you.
The ball python closely misses you. The goblin barely misses you.
The goblin attacks as you move away! The goblin barely misses you.
The ball python attacks as you move away!
The ball python bites you but does no damage.
The ball python misses you. The ball python barely misses you.
The ball python grabs you. The ball python constricts you.
* * * LOW HITPOINT WARNING * * *
You escape the ball python's grasp.
A jackal comes into view.
The ball python evades a web.
A goblin comes into view. It is wielding a +0 club.
A jackal comes into view.
The goblin is caught in a web!
Casting: Magic Dart (safe; 2% risk of failure)
Confirm with . or Enter, or press ? or * to list all spells.
Aiming: Magic Dart (safe; 2% risk of failure)
Press: ? - help, Shift-Dir - straight line, f - ball python
Aim: a ball python (severely wounded, 100% to hit)
The magic dart hits the ball python.
You kill the ball python!
The jackal barks! x2; You hear a shout!
The goblin struggles to get unstuck from the web.
The jackal bites you but does no damage.
The jackal closely misses you.
The goblin struggles to get unstuck from the web.
The goblin barely misses you.
A goblin comes into view.
It is wielding a +0 club and wearing a +1 robe of fire resistance.
The goblin shouts!
The jackal misses you. The goblin misses you.
You hit the goblin but do no damage. The jackal completely misses you.
The jackal barely misses you.
The jackal bites you but does no damage.
The jackal closely misses you. The goblin hits you with a +0 club.
You die...

#.......g..##.. #.##.#
........#####.# #.##.#
........#####.# #.##.# ##
#######.......######.##.#
#.
#.#†.g..J.!J##.##.#####.
#...#######.....).†J..#.
#.[:.# #####.#.###.#.
.......### #.#.# #...
#.......g@## #.#.# ###J
#....g.#hh.######.#.# ##.
#......#..J##...#.#.####..
..# ...
#....†g_K......##.. #.# ..
######...g.#......# #.##.#
# #####.###..... #..#.# .#
#.##...... # #....##.#
#.##.#...> ###.#.....#
#....#....


You could see an endoplasm, 2 jackals and 2 goblins.

Vanquished Creatures
  A dart slug (D:1)
  3 bats (D:1)
  An endoplasm (D:1)
  A giant cockroach (D:1)
  A goblin (D:1)
  A jackal (D:1)
  A kobold (D:1)
  A quokka (D:1)
  2 ball pythons (D:1)
  A rat (D:1)
13 creatures vanquished.

Notes
Turn   | Place    | Note
-------+----------+-------------------------------------------
     0 | D:1      | christhawk the Draconian Conjurer began the quest for the
                  | Orb.
     0 | D:1      | Reached XP level 1. HP: 14/14 MP: 3/3
   149 | D:1      | Reached XP level 2. HP: 19/20 MP: 0/5
   306 | D:1      | Found a faded altar of an unknown god.
   321 | D:1      | Slain by a goblin

Illustrated notes

Levels and vault maps discovered:
D:1:      mrwooster_arrival_arrow, layout_rooms, ebering_ecumenical_altar_webs,
          serial_shops, nicolae_shop_crystal

Action                   || total
-------------------------++-------
Melee: Unarmed           ||    16
       Tailslap          ||     2
 Cast: Magic Dart        ||    19
  Use: Scroll            ||     2
       Potion            ||     1
 Stab: Sleeping          ||     1
Armor: Skin              ||    38
Dodge: Dodged            ||    95
